 Dungeon Crawl Stone Soup version 0.27-a0-1193-g8631133539 (webtiles) character file.

Game seed: 9853661376062544430

3867 lightspider the Ducker (level 10, -4/60 HPs)
             Began as a Tengu Hunter on May 26, 2021.
             Was a High Priest of Fedhas.
             Slain by a vampire (10 damage)
             ... on level 8 of the Dungeon.
             The game lasted 00:38:39 (7955 turns).

lightspider the Ducker (Tengu Hunter)               Turns: 7955, Time: 00:38:39

Health: -4/60      AC:  9    Str: 12    XL:     10   Next: 19%
Magic:  12/12      EV: 19    Int: 19    God:    Fedhas [*****.]
Gold:   341        SH:  0    Dex: 23    Spells: 10/11 levels left

rFire    . . .     SeeInvis .   R - +2 short sword (holy)
rCold    + + .     Faith    .   (no shield)
rNeg     . . .     Spirit   .   G - +3 leather armour {rC+}
rPois    +         Reflect  .   (helmet restricted)
rElec    .         Harm     .   n - +1 cloak
rCorr    .         Rampage  .   H - +0 pair of gloves
Will     .....                  (boots unavailable)
Stlth    +++.......             g - amulet "Lentepp" {Acrobat rC+ Int+6}
HPRegen  0.20/turn              p - +6 ring of dexterity
MPRegen  0.13/turn              J - ring of poison resistance

@: flying quickly and evasively, quick
A: beak, talons 3, nimble flight
a: Renounce Religion, Wall of Briars, Grow Ballistomycete, Overgrow, Grow Oklob


You were on level 8 of the Dungeon.
You worshipped Fedhas.
Fedhas was extremely pleased with you.
You visited 1 branch of the dungeon, and saw 9 of its levels.

You collected 341 gold pieces.

Inventory:

Hand Weapons
 a - a +1 shortbow
 b - a +0 short sword
 i - a +3 short sword of electrocution
 t - a +7 arbalest of freezing
 L - a +4 dagger of freezing
 R - a +2 short sword of holy wrath (weapon)
Missiles
 d - 61 arrows
 h - 22 poisoned darts
 m - a throwing net (quivered)
 u - 26 bolts
 O - a curare-tipped dart
Armour
 c - a +0 leather armour
 n - a +1 cloak (worn)
 G - a +3 leather armour of cold resistance (worn)
 H - a +0 pair of gloves (worn)
Magical Staves
 C - a staff of air
Jewellery
 g - the amulet "Lentepp" (around neck) {Acrobat rC+ Int+6}
   (You acquired it on level 2 of the Dungeon)

   [amulet of the acrobat]

   It increases your evasion while moving and waiting.
   It affects your intelligence (+6).
   It protects you from cold.
 p - a +6 ring of dexterity (left hand)
 x - a ring of poison resistance
 J - a ring of poison resistance (right hand)
 K - a ring of wizardry
Wands
 y - a wand of charming (4)
 B - a wand of iceblast (9)
 D - a wand of flame (38)
 N - a wand of paralysis (6)
Scrolls
 o - a scroll of amnesia
 v - 2 scrolls of fog
 A - 3 scrolls of magic mapping
 E - a scroll of enchant weapon
 M - a scroll of blinking {unknown}
 P - a scroll of teleportation {unknown}
 Q - a scroll of identify
Potions
 e - a potion of haste {unknown}
 f - 2 potions of degeneration
 k - a potion of berserk rage {unknown}
 l - a potion of flight {unknown}
 q - 2 potions of curing
 r - 3 potions of attraction
 s - 4 potions of might
 w - a potion of resistance {unknown}
 z - a potion of invisibility {unknown}
 F - a potion of mutation {unknown}


   Skills:
 + Level 5.7 Fighting
 + Level 5.6 Short Blades
 - Level 4.7 Bows
 + Level 5.8 Crossbows
 + Level 6.2 Dodging
 + Level 5.9 Stealth
 + Level 5.7 Unarmed Combat
 - Level 1.0 Spellcasting
 + Level 5.4 Necromancy


You had 10 spell levels left.
You knew the following spells:

 Your Spells              Type           Power      Damage    Failure   Level
a - Animate Skeleton      Necr           42%        N/A       2%          1

Your spell library contained the following spells:

 Spells                   Type           Power      Damage    Failure   Level
 Pain                     Necr           84%        1d8       2%          1
 Vampiric Draining        Necr           10%        2d7       8%          3
 Beastly Appendage        Tmut           0%         N/A       24%         1
 Corona                   Hex            0%         N/A       24%         1
 Animate Dead             Necr           10%        N/A       26%         4
 Ensorcelled Hibernation  Hex/Ice        0%         N/A       34%         2
 Wereblood                Tmut           0%         N/A       34%         2
 Confusing Touch          Hex            0%         N/A       56%         3
 Dazzling Flash           Conj/Hex       0%         N/A       56%         3
 Spider Form              Tmut/Pois      0%         N/A       56%         3
 Tukima's Dance           Hex            0%         N/A       56%         3
 Agony                    Necr           21%        N/A       56%         5
 Ice Form                 Ice/Tmut       0%         N/A       93%         4
 Hydra Form               Tmut           0%         N/A       100%        5


Dungeon Overview and Level Annotations

Branches:
Dungeon (9/15)             Temple (0/1) D:6            Lair (0/6) D:8
    Orc: D:9-12

Altars:
Cheibriados
Fedhas
Gozag
Qazlal
Wu Jian
Yredelemnul
Zin

Shops:
D:5 (*   D:7 *

Annotations:
D:9 Erolcha


Innate Abilities, Weirdness & Mutations

You have a beak for a mouth.
You have claws for feet.
Your magical nature lets you fly swiftly and evasively.


Message History

Something draws strength from your injuries!
You hit something but do no damage. Your kick misses something.
Something hits you but does no damage. Something barely misses you.
You barely miss something. You claw something. Something hits you.
* * * LOW HITPOINT WARNING * * *
Something bites you.
* * * LOW HITPOINT WARNING * * *
Something draws strength from your injuries!
You are confused.
You feel invigorated. Something hits you.
* * * LOW HITPOINT WARNING * * *
Something bites you.
* * * LOW HITPOINT WARNING * * *
Something draws strength from your injuries!
You hit something but do no damage. You claw something.
You bump into the rock wall.
Something hits you but does no damage. Something barely misses you.
You completely miss something. You claw something. You peck something.
You feel less invigorated.
You feel less confused. Something barely misses you. Something bites you.
* * * LOW HITPOINT WARNING * * *
Something draws strength from your injuries!
You barely miss something. Your kick misses something.
Something closely misses you. Something bites you but does no damage.
You hit something. You peck something. Something hits you but does no damage.
Something barely misses you.
You hit something. You claw something. You peck something.
Something barely misses you. Something bites you.
* * * LOW HITPOINT WARNING * * *
Something draws strength from your injuries!
You hit something but do no damage. Your kick misses something.
You completely miss something. You claw something. You peck something.
Something hits you but does no damage. Something bites you.
* * * LOW HITPOINT WARNING * * *
Something draws strength from your injuries!
You hit something. Your kick misses something. Your peck misses something.
Something hits you!
You die...
Fedhas appreciates your contribution to the ecosystem.

#.#######.###.###.###..........
###.#......................######
......#####.###)###.######.#
....### #.# #.###.# #.# #####
#.###..##.# ###.# #.........#
#...# ######[#### #.#.# #.# #.#.#
#@# #.#.# #{# #.#.# #.# #...# #)#
#..## #)# #..# #.# #####..#####
########## #.###..........#
#........###.##...##..###.#
#.######.##.....#.....# #.#


There were no monsters in sight!

Vanquished Creatures
  A two-headed ogre (D:8)
  Maggie (D:8)
  Grinder (D:3)
  Sigmund (D:3)
  A water moccasin (D:5)
  Purgy (D:3)
  A sky beast (D:5)
  3 centaurs
  A necrophage (D:5)
  A phantom (D:5)
  A kobold brigand (D:7)
  A bullfrog (D:8)
  A wyvern skeleton (D:7)
  5 killer bees (D:8)
  10 wights
  A howler monkey (D:5)
  2 centaur zombies
  2 bullfrog zombies (D:5)
  A jelly (D:2)
  A hound (D:7)
  4 centaur skeletons
  5 orc priests (D:8)
  A bullfrog skeleton (D:5)
  Natasha (twice) (D:3)
  4 orc wizards
  2 iguanas (D:6)
  A scorpion zombie (D:5)
  A killer bee zombie (D:6)
  A hound skeleton (D:4)
  A howler monkey zombie (D:5)
  4 gnolls (D:8)
  5 adders
  A shadow imp (D:6)
  3 white imps
  3 dart slugs
  30 orcs
  3 bats
  2 endoplasms
  5 giant cockroaches
  5 hobgoblins
  6 jackals (D:2)
  7 kobolds
  3 quokkas
  7 ball pythons
  3 frilled lizards
  6 goblins
  A rat (D:2)
153 creatures vanquished.

Vanquished Creatures (collateral kills)
  Edmund (D:4)
1 creature vanquished.

Vanquished Creatures (others)
  Jessica (D:3)
  An adder (D:3)
  A bat (D:3)
  An endoplasm (D:3)
  A kobold (D:7)
5 creatures vanquished.

Grand Total: 159 creatures vanquished

Notes
Turn   | Place    | Note
-------+----------+-------------------------------------------
     0 | D:1      | lightspider the Tengu Hunter began the quest for the Orb.
     0 | D:1      | Reached XP level 1. HP: 12/12 MP: 2/2
   181 | D:1      | Reached XP level 2. HP: 15/17 MP: 3/3
   910 | D:2      | Identified a scroll of acquirement
   910 | D:2      | Acquired the amulet "Lentepp" {Acrobat rC+ Int+6}
   983 | D:2      | Found a faded altar of an unknown god.
   985 | D:2      | Became a worshipper of Fedhas Madash
   985 | D:2      | Reached * piety under Fedhas
  1006 | D:2      | Reached XP level 3. HP: 21/21 MP: 4/4
  1013 | D:2      | Reached skill level 1 in Short Blades
  1013 | D:2      | Reached skill level 1 in Unarmed Combat
  1013 | D:2      | Reached XP level 4. HP: 17/27 MP: 4/6
  1167 | D:2      | Learned a level 1 spell: Animate Skeleton
  1294 | D:2      | Found a basalt altar of Yredelemnul.
  1304 | D:2      | Reached skill level 1 in Spellcasting
  1454 | D:3      | Killed Jessica
  1468 | D:3      | Acquired a +7 arbalest of freezing
  1478 | D:3      | Noticed Sigmund
  1486 | D:3      | Killed Sigmund
  1487 | D:3      | Reached skill level 1 in Crossbows
  1487 | D:3      | Reached skill level 3 in Dodging
  1487 | D:3      | Reached skill level 1 in Necromancy
  1487 | D:3      | Gained mutation: Your magical nature lets you fly swiftly
                  | and evasively. [Tengu growth]
  1487 | D:3      | Reached XP level 5. HP: 17/32 MP: 7/7
  1487 | D:3      | Reached XP level 6. HP: 19/36 MP: 8/8
  1656 | D:3      | Noticed Purgy
  1667 | D:3      | Killed Purgy
  1839 | D:3      | Noticed Grinder
  1847 | D:3      | Killed Grinder
  1848 | D:3      | Reached XP level 7. HP: 30/41 MP: 9/9
  1979 | D:3      | Reached ** piety under Fedhas
  2105 | D:3      | Noticed Natasha
  2114 | D:3      | Killed Natasha
  2327 | D:3      | Noticed Natasha
  2334 | D:3      | Killed Natasha
  2868 | D:4      | Noticed Edmund
  2892 | D:4      | Killed Edmund
  3361 | D:4      | Identified the +2 whip "Demonslayer" {vorpal, SInv}
  3643 | D:5      | Entered Level 5 of the Dungeon
  3651 | D:5      | Reached skill level 4 in Dodging
  3664 | D:5      | Found Ocuenn's Lightly-Used Armoury.
  3760 | D:5      | Reached XP level 8. HP: 44/48 MP: 10/10
  3768 | D:5      | Found a stormy altar of Qazlal.
  4247 | D:5      | Found Entihuew's Antique Weapon Shop.
  4307 | D:5      | Reached *** piety under Fedhas
  4706 | D:5      | Reached XP level 9. HP: 40/52 MP: 11/11
  4925 | D:6      | Found a staircase to the Ecumenical Temple.
  4979 | D:6      | Found a snail-covered altar of Cheibriados.
  5003 | D:6      | Reached skill level 5 in Dodging
  5824 | D:6      | Found an opulent altar of Gozag.
  5960 | D:7      | Found Zin's Purification Station.
  5984 | D:7      | Reached **** piety under Fedhas
  5985 | D:7      | Reached skill level 5 in Stealth
  5992 | D:7      | Reached skill level 5 in Crossbows
  6008 | D:7      | Found a glowing silver altar of Zin.
  6458 | D:7      | Found an ornate altar of the Wu Jian Council.
  6895 | D:8      | Found a staircase to the Lair.
  6907 | D:8      | Reached skill level 5 in Fighting
  6995 | D:8      | Noticed a two-headed ogre
  7000 | D:8      | Killed a two-headed ogre
  7001 | D:8      | Reached skill level 5 in Short Blades
  7001 | D:8      | Reached skill level 5 in Unarmed Combat
  7001 | D:8      | Reached skill level 5 in Necromancy
  7088 | D:8      | Reached XP level 10. HP: 59/59 MP: 12/12
  7091 | D:8      | Reached skill level 6 in Dodging
  7297 | D:8      | Identified the +1 leather armour "Azuammie" {Will++ Regen+}
  7476 | D:8      | Reached ***** piety under Fedhas
  7604 | D:8      | Noticed Maggie
  7609 | D:8      | Killed Maggie
  7844 | D:9      | Noticed Erolcha
  7955 | D:8      | Slain by a vampire

Illustrated notes

Levels and vault maps discovered:
D:1:      lightli_arrival_flooded_house, layout_loops_ring
D:2:      layout_rooms, chequers_ecumenical_altar_twisty, basic_altar,
          serial_bayou_pond_c
D:3:      layout_basic, lemuel_old_faithful, uniq_natasha, uniq_jessica,
          uniq_grinder, uniq_sigmund, uniq_purgy
D:4:      layout_layer_cave, uniq_edmund
D:5:      layout_rooms, nicolae_qazlal_general_emergency, serial_shops,
          nicolae_shop_window_shopping, minmay_shop_damaged
D:6:      layout_cave_pods, lemuel_doored_altar, kennysheep_little_box,
          minmay_temple_entry_enclosed_plants, minmay_misc_feat_four_crosses
D:7:      layout_basic, zin_purify, lemuel_round_altar
D:8:      layout_loops_ring, lair_entry_dummy, uniq_maggie
D:9:      layout_loops_cross, kennysheep_mini, uniq_erolcha, uniq_joseph

Skill      XL: |  1  2  3  4  5  6  7  8  9 10 |
---------------+-------------------------------+-----
Short Blades   | 1 2 3 4 5 |  5.6
Unarmed Combat | 1 2 3 4 5 |  5.7
Spellcasting   | 1 |  1.0
Crossbows      | 1 3 4 5 |  5.8
Dodging        | 3 4 5 6 |  6.2
Stealth        | 2 3 4 5 |  5.9
Necromancy     | 1 2 3 5 |  5.4
Fighting       | 3 4 5 |  5.7
Bows           | |  4.7

Action                   |  1- 3 |  4- 6 |  7- 9 | 10-12 || total
-------------------------+-------+-------+-------+-------++-------
Melee: Short sword       |    27 |    27 |   100 |    35 ||   189
       Peck              |     2 |     1 |    29 |    10 ||    42
       Kick              |     3 |     4 |    51 |    17 ||    75
       Punch             |       |     1 |     3 |     3 ||     7
       Dagger            |       |       |    17 |       ||    17
 Fire: Shortbow          |    21 |    33 |   168 |       ||   222
       Arbalest          |       |       |    27 |    43 ||    70
Throw: Throwing net      |       |       |     1 |       ||     1
 Cast: Animate Skeleton  |       |     4 |     1 |     1 ||     6
Invok: Wall of Briars    |       |       |     1 |       ||     1
  Use: Scroll            |     1 |     1 |    14 |       ||    16
       Potion            |       |       |     1 |     6 ||     7
 Stab: Sleeping          |     1 |     1 |     2 |       ||     4
       Distracted        |       |       |     4 |       ||     4
Armor: Leather armour    |     7 |     4 |    36 |    25 ||    72
Dodge: Dodged            |    21 |    28 |   173 |    40 ||   262

Table legend: (Time is in decaauts)
 A = Elapsed time spent in this place.
 B = Non-inter-level travel time spent in this place.
 C = Inter-level travel time spent in this place.
 D = Time resting spent in this place.
 E = Time spent auto-exploring this place.
 F = Levels seen in this place.
 G = Mean time per level.
                   A        B        C        D        E       F      G
               +--------+--------+--------+--------+--------+-----+--------+
         Total |   7567 |   7395 |    172 |   1232 |   3787 |   9 |  840.8 |
       Dungeon |   7567 |   7395 |    172 |   1232 |   3787 |   9 |  840.8 |
               +--------+--------+--------+--------+--------+-----+--------+

Top non-repeatable levels by time:
     D:4: 1391 daAuts
     D:6: 1253 daAuts
     D:8: 989 daAuts
     D:3: 914 daAuts
     D:1: 888 daAuts
     D:5: 843 daAuts
     D:7: 686 daAuts
     D:2: 564 daAuts
     D:9: 36 daAuts
